CLL
SAN JOSE BEES @ STOCKTON MARINERS
06/13/1982
 
TOP OF THE 1ST
San Jose Bees batting - Pitching for Stockton Mariners : RHP Gregorio Soto
Pitching: RHP Gregorio Soto
Batting: RHB Anthony Laurenzi 0-0: Foul Ball, location: 2F
0-1: Ball
1-1: Called Strike
1-2: Strikes out looking
Batting: RHB Ron MacDonald 0-0: Ball
1-0: Called Strike
1-1: Foul Ball, location: 2F
1-2: Foul Ball, location: 2F
1-2: Ground out 4-3 (Groundball, 4, EV 91.3 MPH)
Batting: LHB Stanley Davis 0-0: Ball
1-0: Foul Ball, location: 2F
1-1: Ball
2-1: DOUBLE (Groundball, 3L, EV 105.0 MPH)
Batting: RHB Ricky McMullen 0-0: Ball
1-0: Ground out 6-3 (Groundball, 56, EV 101.3 MPH)
Top of the 1st over - 0 runs, 1 hit, 0 errors, 1 left on base; San Jose 0 - Stockton 0
BOTTOM OF THE 1ST
Stockton Mariners batting - Pitching for San Jose Bees : LHP Richard Spanton
Pitching: LHP Richard Spanton
Batting: LHB Harold Perkins 0-0: Ball
1-0: Ball
2-0: Foul Ball, location: 2F
2-1: Foul Ball, location: 2F
2-2: Fly out, F8 (Line Drive, 8LM, EV 98.1 MPH)
Batting: LHB Ricky Nelson 0-0: Ball
1-0: Ground out 4-3 (Groundball, 4, EV 86.9 MPH)
Batting: LHB Marvin Ward 0-0: Swinging Strike
0-1: Fly out, F6 (Popup, 6M, EV 77.5 MPH)
Bottom of the 1st over - 0 runs, 0 hits, 0 errors, 0 left on base; San Jose 0 - Stockton 0
TOP OF THE 2ND
San Jose Bees batting - Pitching for Stockton Mariners : RHP Gregorio Soto
Batting: RHB Michael Parker 0-0: Foul Ball, location: 2F
0-1: Ball
1-1: Foul Ball, location: 2F
1-2: Strikes out swinging
Batting: RHB Timothy Wallace 0-0: Ball
1-0: Ball
2-0: Foul Ball, location: 2F
2-1: Foul Ball, location: 2F
2-2: Strikes out swinging
Batting: LHB Dale Weaver 0-0: Ball
1-0: Foul Ball, location: 2F
1-1: Foul Ball, location: 2F
1-2: Foul Ball, location: 2F
1-2: Ball
2-2: Fly out, F1 (Line Drive, P, EV 69.4 MPH)
Top of the 2nd over - 0 runs, 0 hits, 0 errors, 0 left on base; San Jose 0 - Stockton 0
BOTTOM OF THE 2ND
Stockton Mariners batting - Pitching for San Jose Bees : LHP Richard Spanton
Batting: LHB David Cawthon 0-0: Swinging Strike
0-1: Foul Ball, location: 2F
0-2: Ball
1-2: Ball
2-2: Ball
3-2: Ground out 4-3 (Groundball, 4M, EV 102.5 MPH)
Batting: LHB Marty Pevey 0-0: Ball
1-0: Called Strike
1-1: Ball
2-1: Ground out U3 (Groundball, 3L, EV 88.1 MPH)
Batting: LHB David Lanning 0-0: Foul Ball, location: 2F
0-1: Foul Ball, location: 2F
0-2: Ball
1-2: Ball
2-2: DOUBLE (Flyball, 78D, EV 91.3 MPH)
Batting: RHB William Butler 0-0: Ball
1-0: Foul Ball, location: 2F
1-1: Called Strike
1-2: Foul Ball, location: 2F
1-2: Ball
2-2: Single, Error in OF, E8, batter to second base (Groundball, 4D, EV 103.1 MPH)
David Lanning scores
Batting: RHB Brian Greer 0-0: Called Strike
0-1: Called Strike
0-2: Ball
1-2: Fly out, F5 (Popup, 5DF, EV 66.9 MPH)
Bottom of the 2nd over - 1 run, 2 hits, 1 error, 1 left on base; San Jose 0 - Stockton 1
TOP OF THE 3RD
San Jose Bees batting - Pitching for Stockton Mariners : RHP Gregorio Soto
Batting: RHB David Hoyt 0-0: Called Strike
0-1: Ball
1-1: Called Strike
1-2: Ball
2-2: Ground out U3 (Groundball, 23, EV 85.0 MPH)
Batting: RHB Bill Pinkham 0-0: Called Strike
0-1: Ground out 5-3 (Groundball, 5, EV 112.5 MPH)
Batting: RHB Anthony Laurenzi 0-0: Called Strike
0-1: Swinging Strike
0-2: Ball
1-2: Fly out, F8 (Flyball, 89D, EV 103.1 MPH)
Top of the 3rd over - 0 runs, 0 hits, 0 errors, 0 left on base; San Jose 0 - Stockton 1
BOTTOM OF THE 3RD
Stockton Mariners batting - Pitching for San Jose Bees : LHP Richard Spanton
Batting: LHB Victor Gavidia 0-0: Called Strike
0-1: Ground out 5-3 (Groundball, 56S, EV 85.6 MPH)
Batting: LHB Harold Perkins 0-0: Called Strike
0-1: Ball
1-1: Fly out, F6 (Popup, 6M, EV 63.8 MPH)
Batting: LHB Ricky Nelson 0-0: Called Strike
0-1: Fly out, F7 (Flyball, 7, EV 95.0 MPH)
Bottom of the 3rd over - 0 runs, 0 hits, 0 errors, 0 left on base; San Jose 0 - Stockton 1
TOP OF THE 4TH
San Jose Bees batting - Pitching for Stockton Mariners : RHP Gregorio Soto
Batting: RHB Ron MacDonald 0-0: Ball
1-0: Called Strike
1-1: Ground out 6-3 (Groundball, 6, EV 99.4 MPH)
Batting: LHB Stanley Davis 0-0: Called Strike
0-1: Fly out, F8 (Flyball, 8RM, EV 82.5 MPH)
Batting: RHB Ricky McMullen 0-0: Ball
1-0: Ball
2-0: Ground out 4-3 (Groundball, 4S, EV 90.0 MPH)
Top of the 4th over - 0 runs, 0 hits, 0 errors, 0 left on base; San Jose 0 - Stockton 1
BOTTOM OF THE 4TH
Stockton Mariners batting - Pitching for San Jose Bees : LHP Richard Spanton
Batting: LHB Marvin Ward 0-0: Foul Ball, location: 2F
0-1: Ground out 4-3 (Groundball, 4M, EV 83.1 MPH)
Batting: LHB David Cawthon 0-0: Called Strike
0-1: Foul Ball, location: 2F
0-2: SINGLE (Line Drive, 4M, EV 95.0 MPH)
Batting: LHB Marty Pevey 0-0: Ball
1-0: Called Strike
1-1: Ball
2-1: Fly out, F8 (Line Drive, 8LM, EV 95.6 MPH)
Batting: LHB David Lanning 0-0: Called Strike
0-1: Fly out, F5 (Flyball, 5D, EV 88.1 MPH)
Bottom of the 4th over - 0 runs, 1 hit, 0 errors, 1 left on base; San Jose 0 - Stockton 1
TOP OF THE 5TH
San Jose Bees batting - Pitching for Stockton Mariners : RHP Gregorio Soto
Batting: RHB Michael Parker 0-0: Called Strike
0-1: Ball
1-1: Called Strike
1-2: Foul Ball, location: 2F
1-2: Strikes out swinging
Batting: RHB Timothy Wallace 0-0: Ball
1-0: Called Strike
1-1: Ball
2-1: Ball
3-1: Base on Balls
Batting: LHB Dale Weaver 0-0: Foul Ball, location: 2F
0-1: Called Strike
0-2: Foul Ball, location: 2F
0-2: Ball
1-2: Ball
2-2: Fielders Choice at 2nd, 6-4 (Groundball, 56, EV 102.5 MPH)
Batting: RHB David Hoyt 0-0: Called Strike
0-1: Fielders Choice at 2nd, U6 (Groundball, 6M, EV 100.6 MPH)
Top of the 5th over - 0 runs, 0 hits, 0 errors, 1 left on base; San Jose 0 - Stockton 1
BOTTOM OF THE 5TH
Stockton Mariners batting - Pitching for San Jose Bees : LHP Richard Spanton
Batting: RHB William Butler 0-0: SINGLE (Line Drive, 34D, EV 99.4 MPH)
Batting: RHB Brian Greer 0-0: Foul Ball, location: 2F
0-1: Foul Ball, location: 2F
0-2: Ball
William Butler is caught stealing 2nd base 2-4
1-2: Ball
2-2: Ground out 5-3 (Groundball, 56S, EV 88.8 MPH)
Batting: LHB Victor Gavidia 0-0: Swinging Strike
0-1: Ball
1-1: Called Strike
1-2: Strikes out swinging
Bottom of the 5th over - 0 runs, 1 hit, 0 errors, 0 left on base; San Jose 0 - Stockton 1
TOP OF THE 6TH
San Jose Bees batting - Pitching for Stockton Mariners : RHP Gregorio Soto
Batting: RHB Bill Pinkham 0-0: Ball
1-0: SOLO HOME RUN (Flyball, 9LD, EV 88.8 MPH), Distance : 361 ft
Batting: RHB Anthony Laurenzi 0-0: Called Strike
0-1: Foul Ball, location: 2F
0-2: Ball
1-2: Ground out 5-3 (Groundball, 56S, EV 88.1 MPH)
Batting: RHB Ron MacDonald 0-0: Called Strike
0-1: Ball
1-1: Ball
2-1: TRIPLE (Flyball, 78XD, EV 98.1 MPH)
Batting: LHB Stanley Davis 0-0: DOUBLE (Line Drive, 7LM, EV 105.6 MPH)
Ron MacDonald scores
Batting: RHB Ricky McMullen 0-0: Ball
1-0: Ball
2-0: Called Strike
Balk!
Stanley Davis to third
2-1: Ball
3-1: Ground out 1-3 (Groundball, 34S, EV 69.4 MPH)
Batting: RHB Michael Parker 0-0: Ball
1-0: Ball
2-0: Ball
3-0: Called Strike
3-1: Foul Ball, location: 2F
3-2: Base on Balls
Batting: RHB Timothy Wallace 0-0: Ball
1-0: Fielders Choice at 2nd, 5-4 (Groundball, 56, EV 101.3 MPH)
Top of the 6th over - 2 runs, 3 hits, 0 errors, 2 left on base; San Jose 2 - Stockton 1
BOTTOM OF THE 6TH
Stockton Mariners batting - Pitching for San Jose Bees : LHP Richard Spanton
Batting: LHB Harold Perkins 0-0: Ball
1-0: Called Strike
1-1: Ground out 4-3 (Groundball, 4M, EV 100.6 MPH)
Batting: LHB Ricky Nelson 0-0: Foul Ball, location: 2F
0-1: Ground out U3 (Groundball, 34, EV 89.4 MPH)
Batting: LHB Marvin Ward 0-0: Called Strike
0-1: Ball
1-1: SINGLE (Groundball, 6D, EV 100.6 MPH)
Batting: LHB David Cawthon 0-0: Foul Ball, location: 2F
0-1: Ball
1-1: Foul Ball, location: 2F
1-2: Ball
2-2: Strikes out looking
Bottom of the 6th over - 0 runs, 1 hit, 0 errors, 1 left on base; San Jose 2 - Stockton 1
TOP OF THE 7TH
San Jose Bees batting - Pitching for Stockton Mariners : RHP Gregorio Soto
Batting: LHB Dale Weaver 0-0: Called Strike
0-1: Called Strike
0-2: Ball
1-2: SINGLE (Groundball, 4MS, EV 72.5 MPH) (infield hit)
Batting: RHB David Hoyt 0-0: Called Strike
0-1: Ball
1-1: Called Strike
1-2: Foul Ball, location: 2F
1-2: Strikes out swinging
Batting: RHB Bill Pinkham 0-0: Foul Ball, location: 2F
0-1: Foul Ball, location: 2F
0-2: Ball
1-2: Strikes out swinging
Batting: RHB Anthony Laurenzi 0-0: Ball
1-0: Ball
2-0: Ball
3-0: Base on Balls
Dale Weaver to second
Batting: RHB Ron MacDonald 0-0: Ball
1-0: Ball
2-0: Fielders Choice at 2nd, 6-4 (Groundball, 6, EV 90.0 MPH)
Top of the 7th over - 0 runs, 1 hit, 0 errors, 2 left on base; San Jose 2 - Stockton 1
BOTTOM OF THE 7TH
Stockton Mariners batting - Pitching for San Jose Bees : LHP Richard Spanton
Batting: LHB Marty Pevey 0-0: Called Strike
0-1: SINGLE (Groundball, 34D, EV 98.8 MPH)
Batting: LHB David Lanning 0-0: Ball
1-0: Foul Ball, location: 2F
1-1: Ball
2-1: Ball
Marty Pevey steals 2nd base
3-1: Called Strike
3-2: SINGLE (Groundball, 6MD, EV 110.0 MPH)
Marty Pevey to third
Runner from 3rd tries for Home, SAFE, throw by CF to home
Batting: RHB William Butler 0-0: Ball
1-0: Foul Ball, location: 2F
1-1: Ball
2-1: Ball
3-1: Grounds into double play, 5-4-3 (Groundball, 56, EV 103.8 MPH)
Batting: RHB Brian Greer 0-0: TRIPLE (Line Drive, 78XD, EV 101.9 MPH)
Batting: LHB Victor Gavidia 0-0: Called Strike
0-1: Fly out, F9 (Line Drive, 9D, EV 110.6 MPH)
Bottom of the 7th over - 1 run, 3 hits, 0 errors, 1 left on base; San Jose 2 - Stockton 2
TOP OF THE 8TH
San Jose Bees batting - Pitching for Stockton Mariners : RHP Gregorio Soto
Batting: LHB Stanley Davis 0-0: Ball
1-0: Called Strike
1-1: Reached on error, E4 (Groundball, 4S, EV 79.4 MPH)
Batting: RHB Ricky McMullen 0-0: Called Strike
0-1: Swinging Strike
0-2: SINGLE (Line Drive, 3D, EV 99.4 MPH)
Stanley Davis to second
Batting: RHB Michael Parker 0-0: Ball
1-0: Called Strike
1-1: Foul Ball, location: 2F
1-2: Strikes out swinging
Batting: RHB Timothy Wallace 0-0: Fielders Choice at 2nd, 4-6 (Groundball, 4S, EV 82.5 MPH)
Stanley Davis to third
Batting: LHB Dale Weaver 0-0: Called Strike
0-1: Ball
1-1: DOUBLE (Groundball, 3L, EV 107.5 MPH)
Stanley Davis scores
Timothy Wallace to third
Runner from 3rd tries for Home, SAFE, throw by RF to trailing runner, SAFE at third!
Pitching: LHP Robert Alsup
Batting: RHB David Hoyt 0-0: Called Strike
0-1: Ball
1-1: 2-RUN HOME RUN (Flyball, 9D, EV 94.4 MPH), Distance : 403 ft
Batting: RHB Bill Pinkham 0-0: Ball
1-0: Ball
2-0: Fly out, F9 (Flyball, 9LS, EV 84.4 MPH)
Top of the 8th over - 4 runs, 3 hits, 1 error, 0 left on base; San Jose 6 - Stockton 2
BOTTOM OF THE 8TH
Stockton Mariners batting - Pitching for San Jose Bees : LHP Richard Spanton
Batting: LHB Harold Perkins 0-0: Called Strike
0-1: Foul Ball, location: 2F
0-2: SINGLE (Line Drive, 6D, EV 96.3 MPH)
Batting: LHB Ricky Nelson 0-0: Called Strike
0-1: Ball
1-1: Foul Ball, location: 2F
1-2: Fielders Choice at 2nd, 4-6 (Groundball, 4, EV 80.0 MPH)
Batting: LHB Marvin Ward 0-0: Ball
1-0: Called Strike
1-1: Foul Ball, location: 2F
1-2: Foul Ball, location: 2F
1-2: Ball
2-2: Foul Ball, location: 2F
2-2: Fly out, F8 (Flyball, 78S, EV 86.9 MPH)
Batting: LHB David Cawthon 0-0: Ball
1-0: Ball
2-0: Swinging Strike
2-1: Foul Ball, location: 2F
2-2: Ball
3-2: Strikes out swinging
Bottom of the 8th over - 0 runs, 1 hit, 0 errors, 1 left on base; San Jose 6 - Stockton 2
TOP OF THE 9TH
San Jose Bees batting - Pitching for Stockton Mariners : LHP Robert Alsup
Batting: RHB Anthony Laurenzi 0-0: Called Strike
0-1: Fly out, F9 (Line Drive, 9D, EV 92.5 MPH)
Batting: RHB Ron MacDonald 0-0: Called Strike
0-1: Ball
1-1: Ball
2-1: Ground out 6-3 (Groundball, 6, EV 106.3 MPH)
Batting: LHB Stanley Davis 0-0: Called Strike
0-1: Foul Ball, location: 2F
0-2: Fly out, F9 (Flyball, 9D, EV 80.0 MPH)
Top of the 9th over - 0 runs, 0 hits, 0 errors, 0 left on base; San Jose 6 - Stockton 2
BOTTOM OF THE 9TH
Stockton Mariners batting - Pitching for San Jose Bees : LHP Richard Spanton
Batting: LHB Marty Pevey 0-0: Ball
1-0: Foul Ball, location: 2F
1-1: Foul Ball, location: 2F
1-2: Ground out 4-3 (Groundball, 4D, EV 102.5 MPH)
Batting: LHB David Lanning 0-0: Ball
1-0: Foul Ball, location: 2F
1-1: Ground out 4-3 (Groundball, 4, EV 83.8 MPH)
Batting: RHB William Butler 0-0: Foul Ball, location: 2F
0-1: Ball
1-1: Fly out, F8 (Line Drive, 8LM, EV 86.3 MPH)
Bottom of the 9th over - 0 runs, 0 hits, 0 errors, 0 left on base; San Jose 6 - Stockton 2
Friday, August 7th, 2020 - OOTP Baseball 21.5 Build 76